 Dungeon Crawl Stone Soup version 0.28-a0-751-gef3a642a4e (webtiles) character file.

Game seed: 17259988267676870723

383 willcat the Ruffian (level 6, -5/62 HPs)
             Began as a Troll Delver on Oct 30, 2021.
             Slain by a boulder beetle (14 damage)
             ... on level 7 of the Dungeon.
             The game lasted 00:01:02 (274 turns).

willcat the Ruffian (Troll Delver)                   Turns: 274, Time: 00:01:03

Health: -5/62      AC:  4    Str: 23    XL:     6   Next: 47%
Magic:  5/5        EV: 10    Int:  6    God:
Gold:   63         SH:  0    Dex: 11    Spells: 5/5 levels left

rFire   . . .      SeeInvis .     - Unarmed
rCold   . . .      Faith    .   (no shield)
rNeg    . . .      Spirit   .   a - +0 robe
rPois   .          Reflect  .   (helmet restricted)
rElec   .          Harm     .   (no cloak)
rCorr   .          Rampage  .   (gloves unavailable)
Will    .....                   (boots unavailable)
Stlth   ++........              (no amulet)
HPRegen 1.20/turn               (no ring)
MPRegen 0.09/turn               (no ring)

@: no status effects
A: large, unfitting armour, claws 3, regeneration 1, shaggy fur 1, tough skin 1
a: no special abilities


You were on level 7 of the Dungeon.
You visited 1 branch of the dungeon, and saw 3 of its levels.

You collected 63 gold pieces.

Inventory:

Missiles
 g - a curare-tipped dart (quivered)
Armour
 a - a +0 robe (worn)
Wands
 f - a wand of digging (3)
Scrolls
 b - a scroll of fog
 c - a scroll of magic mapping
 d - a scroll of fear
 j - a scroll of vulnerability {unknown}
 k - a scroll of teleportation {unknown}
 l - a scroll of identify {unknown}
Potions
 e - a potion of haste
 h - 2 potions of curing {unknown}
 i - a potion of might {unknown}


   Skills:
 + Level 3.6 Fighting
 + Level 3.1 Dodging
 + Level 3.4 Stealth
 + Level 3.8 Unarmed Combat


You had 5 spell levels left.
You didn't know any spells.
Your spell library contained the following spells:

 Spells                   Type           Power      Damage    Failure   Level
 Gell's Gravitas          Tloc           0%         N/A       83%         3
 Lesser Beckoning         Tloc           0%         N/A       83%         3
 Ozocubu's Armour         Ice            0%         N/A       83%         3
 Teleport Other           Tloc           0%         N/A       83%         3
 Metabolic Englaciation   Hex/Ice        0%         N/A       100%        5
 Simulacrum               Ice/Necr       0%         N/A       100%        6


Dungeon Overview and Level Annotations

Branches:
Dungeon (7/15)
 Temple: D:4-7

Altars:


Innate Abilities, Weirdness & Mutations

You are too large for most types of armour.
You have claws for hands.
Your natural rate of healing is unusually fast.
You are covered in fur. (AC +1)
You have tough skin. (AC +1)


Message History

The bullfrog is heavily wounded.
The bullfrog hits you but does no damage.
You closely miss the bullfrog.
The bullfrog is heavily wounded.
The bullfrog hits you.
The boulder beetle leaps!
The bullfrog barely misses you.
You closely miss the bullfrog.
The bullfrog is heavily wounded.
The bullfrog barely misses you.
You claw the bullfrog!
You kill the bullfrog!
The centaur hits you.
The centaur kicks you but does no damage.
You completely miss the centaur. The centaur closely misses you. x2
The centaur hits you. The centaur closely misses you.
You claw the centaur!
The centaur is severely wounded.
The centaur hits you. The centaur closely misses you.
You scratch the centaur but do no damage.
The centaur is severely wounded.
The centaur hits you. The centaur kicks you.
You scratch the centaur.
The centaur is severely wounded.
The centaur hits you. The centaur kicks you.
You scratch the boulder beetle.
The boulder beetle is lightly wounded.
You scratch the boulder beetle but do no damage.
The boulder beetle is lightly wounded.
The boulder beetle bites you!
You scratch the boulder beetle but do no damage.
The boulder beetle is lightly wounded.
The boulder beetle bites you!!
* * * LOW HITPOINT WARNING * * *
You scratch the boulder beetle but do no damage.
The boulder beetle is lightly wounded.
The boulder beetle barely misses you.
You claw the boulder beetle!
The boulder beetle is lightly wounded.
The boulder beetle bites you!
You die...

## #. .# #. #.
.# c## #. #B#
.##.## #@###.
...#.
##[#.##.....
#.#.#...... ..
##.##.... ... .
#.#... .#...
##.#)#.# ...?.
#...#..####...#
#...#.#..#...#
..............#


You could see a boulder beetle and a centaur.

Vanquished Creatures
  An ogre (D:6)
  A kobold brigand (D:6)
  A bullfrog (D:7)
  A scorpion (D:6)
  A water moccasin skeleton (D:6)
  A hound (D:6)
  An iguana (D:6)
  An orc (D:7)
  6 kobolds (D:6)
14 creatures vanquished.

Notes
Turn   | Place    | Note
-------+----------+-------------------------------------------
     0 | D:5      | willcat the Troll Delver began the quest for the Orb.
     0 | D:5      | Reached XP level 1. HP: 22/22 MP: 0/0
    20 | D:6      | Noticed a kobold brigand
    32 | D:6      | Reached XP level 2. HP: 20/29 MP: 1/1
    32 | D:6      | Reached XP level 3. HP: 25/36 MP: 2/2
    48 | D:6      | Killed a kobold brigand
    49 | D:6      | Reached XP level 4. HP: 28/45 MP: 3/3
    96 | D:6      | Reached XP level 5. HP: 45/53 MP: 4/4
   115 | D:6      | Noticed an ogre
   119 | D:6      | Killed an ogre
   148 | D:6      | Reached XP level 6. HP: 31/61 MP: 5/5
   260 | D:7      | Noticed a boulder beetle
   274 | D:7      | Slain by a boulder beetle

Illustrated notes

Levels and vault maps discovered:
D:5:      layout_rooms, gammafunk_ghost_cemetery
D:6:      layout_loops_ring, grunt_tough_drop, uniq_menkaure
D:7:      minmay_the_grid_four_pointed_star
          [minmay_the_grid_triangle_9x9_shrine,
          minmay_the_grid_triangle_9x9_empty,
          minmay_the_grid_triangle_9x9_from_above,
          minmay_the_grid_triangle_9x9_windchime,
          minmay_the_grid_prize_four_corners_diamond_a], layout_cave_pools,
          uniq_pikel

Skill      XL: |  1  2  3  4  5 |
---------------+----------------+-----
Dodging        | 2 3 |  3.1
Stealth        | 3 |  3.4
Fighting       | 3 |  3.6
Unarmed Combat | 3 |  3.8

Action                   |  1- 3 |  4- 6 || total
-------------------------+-------+-------++-------
Melee: Unarmed           |    24 |    38 ||    62
 Stab: Sleeping          |       |     1 ||     1
Armor: Robe              |     1 |     9 ||    10
Dodge: Dodged            |     7 |    19 ||    26

Table legend: (Time is in decaauts)
 A = Elapsed time spent in this place.
 B = Non-inter-level travel time spent in this place.
 C = Inter-level travel time spent in this place.
 D = Time resting spent in this place.
 E = Time spent auto-exploring this place.
 F = Levels seen in this place.
 G = Mean time per level.
                   A        B        C        D        E       F      G
               +--------+--------+--------+--------+--------+-----+--------+
         Total |    270 |    270 |      0 |      0 |     66 |   3 |   90.0 |
       Dungeon |    270 |    270 |      0 |      0 |     66 |   3 |   90.0 |
               +--------+--------+--------+--------+--------+-----+--------+

Top non-repeatable levels by time:
     D:6: 221 daAuts
     D:7: 34 daAuts
     D:5: 15 daAuts
